TOP OF THE 1ST |
Houston Hammertime batting - Pitching for Redwood City Redwoods : RHP Ramiro Piña
|
Pitching: RHP Ramiro Piña
|
|
Batting: RHB John Pick
|
0-0: Called Strike 0-1: Ball 1-1: Foul Ball, location: 2F 1-2: Ground out 5-3 (Groundball, 56S)
|
Batting: LHB José Villegas
|
0-0: Ball 1-0: SINGLE (Groundball, 3L)
|
Batting: RHB Buck Jones
|
0-0: Ball 1-0: Ball 2-0: Grounds into double play, 5-4-3 (Groundball, 56)
|
Top of the 1st over - 0 run(s), 1 hit(s), 0 error(s), 0 left on base; Houston 0 - Redwood City 0 |
BOTTOM OF THE 1ST |
Redwood City Redwoods batting - Pitching for Houston Hammertime : LHP Dan Snyder
|
Pitching: LHP Dan Snyder
|
|
Batting: LHB Alfonso Montoya
|
0-0: Ball 1-0: Ground out 5-3 (Groundball, 5L)
|
Batting: LHB Tony Warrilow
|
0-0: Swinging Strike 0-1: Ball 1-1: Ground out U3 (Groundball, 3)
|
Batting: LHB Paul Alexander
|
0-0: Swinging Strike 0-1: Ball 1-1: DOUBLE (Line Drive, 89D)
|
Batting: LHB Nicholas Alston
|
0-0: Fly out, F7 (Flyball, 78D)
|
Bottom of the 1st over - 0 run(s), 1 hit(s), 0 error(s), 1 left on base; Houston 0 - Redwood City 0 |
TOP OF THE 2ND |
Houston Hammertime batting - Pitching for Redwood City Redwoods : RHP Ramiro Piña
|
Batting: SHB Cristo Ontiveros
|
0-0: Called Strike 0-1: Ball 1-1: Called Strike 1-2: Strikes out swinging
|
Batting: RHB Gerald Burnett
|
0-0: Ball 1-0: Ball 2-0: Ball 3-0: Called Strike 3-1: Base on Balls
|
Batting: LHB Felipe Cruz
|
0-0: Ball 1-0: Ground out U3 (Groundball, 3S) Gerald Burnett to second
|
Batting: RHB Emílio Carrillo
|
0-0: Ball 1-0: Swinging Strike 1-1: Swinging Strike 1-2: Ball 2-2: Foul Ball, location: 2F 2-2: Foul Ball, location: 2F 2-2: Strikes out looking
|
Top of the 2nd over - 0 run(s), 0 hit(s), 0 error(s), 1 left on base; Houston 0 - Redwood City 0 |
BOTTOM OF THE 2ND |
Redwood City Redwoods batting - Pitching for Houston Hammertime : LHP Dan Snyder
|
Batting: SHB Marvin Harris
|
0-0: Called Strike 0-1: Foul Ball, location: 2F 0-2: Ball 1-2: Strikes out swinging
|
Batting: RHB Edgardo Gonzáles
|
0-0: Called Strike 0-1: Foul Ball, location: 2F 0-2: Ball 1-2: Ball 2-2: Foul Ball, location: 2F 2-2: Foul Ball, location: 2F 2-2: Fly out, F7 (Flyball, 7M)
|
Batting: RHB Dan Martin
|
0-0: Ball 1-0: Called Strike 1-1: Called Strike 1-2: Foul Ball, location: 2F 1-2: Strikes out swinging
|
Bottom of the 2nd over - 0 run(s), 0 hit(s), 0 error(s), 0 left on base; Houston 0 - Redwood City 0 |
TOP OF THE 3RD |
Houston Hammertime batting - Pitching for Redwood City Redwoods : RHP Ramiro Piña
|
Batting: RHB Mario Beltrán
|
0-0: Called Strike 0-1: Called Strike 0-2: Strikes out looking
|
Batting: LHB Fernando Camacho
|
0-0: Ball 1-0: Ball 2-0: Ball 3-0: Base on Balls
|
Batting: RHB John Pick
|
0-0: Ball 1-0: Ground out 5-3 (Groundball, 15S) Fernando Camacho to second
|
Batting: LHB José Villegas
|
0-0: Called Strike 0-1: SINGLE (Groundball, 4MD) (infield hit) Fernando Camacho to third
|
Batting: RHB Buck Jones
|
0-0: Foul Ball, location: 2F 0-1: Ball 1-1: Ground out 6-3 (Groundball, 6)
|
Top of the 3rd over - 0 run(s), 1 hit(s), 0 error(s), 2 left on base; Houston 0 - Redwood City 0 |
BOTTOM OF THE 3RD |
Redwood City Redwoods batting - Pitching for Houston Hammertime : LHP Dan Snyder
|
Batting: RHB Anastasio García
|
0-0: Called Strike 0-1: Ball 1-1: Ball 2-1: Ground out 3-1 (Groundball, 34S)
|
Batting: LHB Patrick Bright
|
0-0: Ball 1-0: Called Strike 1-1: Called Strike 1-2: Ground out 4-3 (Groundball, 34)
|
Batting: LHB Alfonso Montoya
|
0-0: SINGLE (Line Drive, 7S)
|
Batting: LHB Tony Warrilow
|
0-0: Called Strike 0-1: Ball 1-1: Ball 2-1: Foul Ball, location: 2F 2-2: Ground out 4-3 (Groundball, 4)
|
Bottom of the 3rd over - 0 run(s), 1 hit(s), 0 error(s), 1 left on base; Houston 0 - Redwood City 0 |
TOP OF THE 4TH |
Houston Hammertime batting - Pitching for Redwood City Redwoods : RHP Ramiro Piña
|
Batting: SHB Cristo Ontiveros
|
0-0: Called Strike 0-1: Ball 1-1: Ball 2-1: Ground out 1-3 (Groundball, 15)
|
Batting: RHB Gerald Burnett
|
0-0: Called Strike 0-1: Called Strike 0-2: Ball 1-2: Ground out 6-3 (Groundball, 6)
|
Batting: LHB Felipe Cruz
|
0-0: Foul Ball, location: 2F 0-1: Ball 1-1: Ball 2-1: Foul Ball, location: 2F 2-2: Ball 3-2: Foul Ball, location: 2F 3-2: SINGLE (Groundball, 4MD) (infield hit)
|
Batting: RHB Emílio Carrillo
|
0-0: Called Strike 0-1: Ball 1-1: Called Strike 1-2: Foul Ball, location: 2F 1-2: Foul Ball, location: 2F 1-2: Strikes out looking
|
Top of the 4th over - 0 run(s), 1 hit(s), 0 error(s), 1 left on base; Houston 0 - Redwood City 0 |
BOTTOM OF THE 4TH |
Redwood City Redwoods batting - Pitching for Houston Hammertime : LHP Dan Snyder
|
Batting: LHB Paul Alexander
|
0-0: Called Strike 0-1: Called Strike 0-2: Ball 1-2: Strikes out swinging
|
Batting: LHB Nicholas Alston
|
0-0: Ground out U3 (Groundball, 3L)
|
Batting: SHB Marvin Harris
|
0-0: Called Strike 0-1: Ball 1-1: Hit by Pitch
|
Batting: RHB Edgardo Gonzáles
|
0-0: Ball 1-0: Called Strike 1-1: Foul Ball, location: 2F 1-2: Ball 2-2: Ball 3-2: Strikes out swinging
|
Bottom of the 4th over - 0 run(s), 0 hit(s), 0 error(s), 1 left on base; Houston 0 - Redwood City 0 |
TOP OF THE 5TH |
Houston Hammertime batting - Pitching for Redwood City Redwoods : RHP Ramiro Piña
|
Batting: RHB Mario Beltrán
|
0-0: Foul Ball, location: 2F 0-1: Fly out, F7 (Flyball, 78D)
|
Batting: LHB Fernando Camacho
|
0-0: Foul Ball, location: 2F 0-1: Ball 1-1: Foul Ball, location: 2F 1-2: Ground out 1-3 (Groundball, 15S)
|
Batting: RHB John Pick
|
0-0: Ball 1-0: Foul Ball, location: 2F 1-1: Ball 2-1: Ground out 5-3 (Groundball, 56S)
|
Top of the 5th over - 0 run(s), 0 hit(s), 0 error(s), 0 left on base; Houston 0 - Redwood City 0 |
BOTTOM OF THE 5TH |
Redwood City Redwoods batting - Pitching for Houston Hammertime : LHP Dan Snyder
|
Batting: RHB Dan Martin
|
0-0: Foul Ball, location: 2F 0-1: Ground out U3 (Groundball, 3S)
|
Batting: RHB Anastasio García
|
0-0: Called Strike 0-1: Ball 1-1: Ball 2-1: Ball 3-1: Foul Ball, location: 2F 3-2: Ground out 6-3 (Groundball, 6M)
|
Batting: LHB Patrick Bright
|
0-0: Called Strike 0-1: Foul Ball, location: 2F 0-2: Ball 1-2: Ball 2-2: Strikes out swinging
|
Bottom of the 5th over - 0 run(s), 0 hit(s), 0 error(s), 0 left on base; Houston 0 - Redwood City 0 |
TOP OF THE 6TH |
Houston Hammertime batting - Pitching for Redwood City Redwoods : RHP Ramiro Piña
|
Batting: LHB José Villegas
|
0-0: Foul Ball, location: 2F 0-1: Ground out 4-3 (Groundball, 4M)
|
Batting: RHB Buck Jones
|
0-0: Ball 1-0: Swinging Strike 1-1: Ball 2-1: Foul Ball, location: 2F 2-2: Foul Ball, location: 2F 2-2: Reached on error, E6 (Groundball, 6M)
|
Batting: SHB Cristo Ontiveros
|
0-0: Ball Buck Jones steals 2nd base 1-0: Swinging Strike 1-1: Ball 2-1: Ball 3-1: Base on Balls
|
Batting: RHB Gerald Burnett
|
0-0: Called Strike 0-1: Ball 1-1: Ball Buck Jones is caught stealing 3rd base Cristo Ontiveros to second 2-1: Ground out 6-3 (Groundball, 6)
|
Top of the 6th over - 0 run(s), 0 hit(s), 1 error(s), 1 left on base; Houston 0 - Redwood City 0 |
BOTTOM OF THE 6TH |
Redwood City Redwoods batting - Pitching for Houston Hammertime : LHP Dan Snyder
|
Batting: LHB Alfonso Montoya
|
0-0: Bunt for hit - play at first, batter safe!
|
Batting: LHB Tony Warrilow
|
0-0: Ball 1-0: DOUBLE (Line Drive, 8LD) Alfonso Montoya to third Runner from 3rd tries for Home, SAFE, no throw or cutoff
|
Batting: LHB Paul Alexander
|
0-0: Called Strike 0-1: Ball 1-1: Ball 2-1: Ground out 4-3 (Groundball, 4) Tony Warrilow to third
|
Batting: LHB Nicholas Alston
|
0-0: Called Strike 0-1: Ball 1-1: Foul Ball, location: 2F 1-2: Ball 2-2: Ball 3-2: Strikes out swinging
|
Batting: SHB Marvin Harris
|
0-0: Ball 1-0: DOUBLE (Line Drive, 7LM) Tony Warrilow scores
|
Batting: RHB Edgardo Gonzáles
|
0-0: Ball 1-0: Ball 2-0: Called Strike 2-1: Ball 3-1: DOUBLE (Line Drive, 8RXD) Marvin Harris scores
|
Batting: RHB Dan Martin
|
0-0: Ground out U3 (Groundball, 3S)
|
Bottom of the 6th over - 3 run(s), 4 hit(s), 0 error(s), 1 left on base; Houston 0 - Redwood City 3 |
TOP OF THE 7TH |
Houston Hammertime batting - Pitching for Redwood City Redwoods : RHP Ramiro Piña
|
Batting: LHB Felipe Cruz
|
0-0: Called Strike 0-1: Foul Ball, location: 2F 0-2: Fly out, F8 (Flyball, 8RD)
|
Batting: RHB Emílio Carrillo
|
0-0: Called Strike 0-1: Foul Ball, location: 2F 0-2: Ball 1-2: Ground out 5-3 (Groundball, 56)
|
Batting: RHB Mario Beltrán
|
0-0: Ball 1-0: Called Strike 1-1: SOLO HOME RUN (Flyball, 7D), Distance : 354 ft
|
Batting: LHB Fernando Camacho
|
0-0: SINGLE (Line Drive, 4M)
|
Pitching: LHP George Owens
|
|
Batting: RHB John Pick
|
0-0: Ball 1-0: Ball 2-0: SINGLE (Line Drive, 6MD) Fernando Camacho to second
|
Pinch Hitting: RHB Moo-hyun Pak
|
0-0: Ball 1-0: Fly out, F7 (Flyball, 7M)
|
Top of the 7th over - 1 run(s), 3 hit(s), 0 error(s), 2 left on base; Houston 1 - Redwood City 3 |
BOTTOM OF THE 7TH |
Redwood City Redwoods batting - Pitching for Houston Hammertime : LHP Dan Snyder
|
Now in RF: Jerry Ritchie
|
|
Batting: RHB Anastasio García
|
0-0: Ball 1-0: Ball 2-0: Swinging Strike 2-1: Foul Ball, location: 2F 2-2: Ball 3-2: SINGLE (Line Drive, 9LM)
|
Pitching: RHP Lorenzo Ramos
|
|
Batting: LHB Patrick Bright
|
0-0: Sac Bunt - play at first, batter OUT! 1-3 Anastasio García to second
|
Batting: LHB Alfonso Montoya
|
0-0: Ball 1-0: Ball 2-0: Ball 3-0: Base on Balls
|
Batting: LHB Tony Warrilow
|
0-0: Foul Ball, location: 2F 0-1: Swinging Strike 0-2: Ball 1-2: Strikes out swinging
|
Pinch Hitting: LHB Oliver Frías
|
0-0: Swinging Strike 0-1: Ball 1-1: Ball 2-1: Ground out 6-3 (Groundball, 6)
|
Bottom of the 7th over - 0 run(s), 1 hit(s), 0 error(s), 2 left on base; Houston 1 - Redwood City 3 |
TOP OF THE 8TH |
Houston Hammertime batting - Pitching for Redwood City Redwoods : LHP George Owens
|
Now in CF: Oliver Frías
|
|
Batting: RHB Buck Jones
|
0-0: Called Strike 0-1: Fly out, F9 (Line Drive, 9LM)
|
Batting: SHB Cristo Ontiveros
|
0-0: Called Strike 0-1: Ball 1-1: Ball 2-1: Ball 3-1: Foul Ball, location: 2F 3-2: Strikes out looking
|
Batting: RHB Gerald Burnett
|
0-0: Called Strike 0-1: Swinging Strike 0-2: Strikes out swinging
|
Top of the 8th over - 0 run(s), 0 hit(s), 0 error(s), 0 left on base; Houston 1 - Redwood City 3 |
BOTTOM OF THE 8TH |
Redwood City Redwoods batting - Pitching for Houston Hammertime : RHP Lorenzo Ramos
|
Batting: LHB Nicholas Alston
|
0-0: Ground out 6-3 (Groundball, 6M)
|
Batting: SHB Marvin Harris
|
0-0: Ball 1-0: Fly out, F7 (Flyball, 7S)
|
Batting: RHB Edgardo Gonzáles
|
0-0: Foul Ball, location: 2F 0-1: Called Strike 0-2: Strikes out looking
|
Bottom of the 8th over - 0 run(s), 0 hit(s), 0 error(s), 0 left on base; Houston 1 - Redwood City 3 |
TOP OF THE 9TH |
Houston Hammertime batting - Pitching for Redwood City Redwoods : LHP George Owens
|
Pitching: LHP Fernando Alvarado
|
|
Now at C: Orlando Santos
|
|
Batting: LHB Felipe Cruz
|
0-0: Called Strike 0-1: Ball 1-1: Called Strike 1-2: SOLO HOME RUN (Flyball, 7D), Distance : 371 ft
|
Batting: RHB Emílio Carrillo
|
0-0: Called Strike 0-1: Fly out, F8 (Flyball, 8LM)
|
Batting: RHB Mario Beltrán
|
0-0: Swinging Strike 0-1: Ball 1-1: Ball 2-1: Ball 3-1: Base on Balls
|
Pinch Hitting: RHB Santo Cruz
|
0-0: Swinging Strike 0-1: Fly out, F7 (Flyball, 78M)
|
Batting: RHB John Pick
|
0-0: Called Strike 0-1: Swinging Strike 0-2: Fly out, F9 (Flyball, 9S)
|
Top of the 9th over - 1 run(s), 1 hit(s), 0 error(s), 1 left on base; Houston 2 - Redwood City 3 |
|